 Dungeon Crawl Stone Soup version 0.20.1-1-g8b1a95d (webtiles) character file.

114 Fireblaze683 the Skirmisher (level 4, -4/37 HPs)
             Began as a Demonspawn Abyssal Knight on Sept 10, 2017.
             Was an Initiate of Lugonu.
             Killed from afar by an orc wizard (8 damage)
             ... with a magic dart
             ... on level 3 of the Dungeon.
             The game lasted 00:11:12 (465 turns).

Fireblaze683 the Skirmisher (DsAK)                   Turns: 465, Time: 00:11:13

Health: -4/37      AC:  8    Str: 13    XL:     4   Next: 66%
Magic:  0/6        EV:  6    Int: 16    God:    Lugonu [......]
Gold:   80         SH:  0    Dex: 12    Spells: 3/3 levels left

rFire    . . .     SeeInvis .   a - +1 spear
rCold    . . .     Gourm    .   (no shield)
rNeg     . . .     Faith    .   i - +0 chain mail
rPois    .         Spirit   +   (no helmet)
rElec    .         Reflect  .   (no cloak)
rCorr    .         Harm     .   (no gloves)
MR       .....                  (no boots)
Stlth    ..........             (no amulet)
Regen    0.2/turn               (no ring)
MPRegen  0.1/turn               (no ring)

@: confused
A: clever 1, demonic guardian 1, mutation resistance 1, magic shield
a: Renounce Religion


You were on level 3 of the Dungeon.
You worshipped Lugonu.
Lugonu was noncommittal.
You were not hungry.

You visited 1 branch of the dungeon, and saw 3 of its levels.
You visited the Abyss 1 time.

You collected 80 gold pieces.

Inventory:

Hand Weapons
 a - a +1 spear (weapon)
Missiles
 j - 24 arrows
Armour
 b - a +0 leather armour
 f - a +0 robe
 i - a +0 chain mail (worn)
Jewellery
 m - a +2 amulet of reflection {unknown}
Scrolls
 d - a scroll of remove curse {unknown}
 e - 2 scrolls of identify {unknown}
 g - a scroll of random uselessness {unknown}
 n - a scroll of immolation {unknown}
Comestibles
 c - a bread ration
 h - a royal jelly
 k - 3 chunks of flesh
 l - a meat ration


   Skills:
 + Level 4.2 Fighting
 * Level 3.2 Polearms
 - Level 1.7 Armour
 - Level 1.1 Dodging
 + Level 2.9 Invocations


You had 3 spell levels left.
You didn't know any spells.

Dungeon Overview and Level Annotations

Branches:
Dungeon (3/15)

Altars:


Innate Abilities, Weirdness & Mutations

A weak demonic guardian rushes to your aid.
When hurt, damage is shared between your health and your magic reserves.
Your mind is acute. (Int +2)
You are somewhat resistant to further mutation.


Message History

You closely miss something. The orc hits you with a falchion.
The orc wizard barely misses you. The orc closely misses your iron imp.
Your iron imp hits the orc but does no damage.
You hear some strange, mumbled words.
You are more confused.
You're too confused to move!
The hobgoblin barely misses you.
The orc wizard casts a spell.
The orc wizard seems to speed up.
The orc hits you but does no damage.
The orc hits your iron imp with a falchion.
You hear some strange, mumbled words.
A magic dart appears from out of thin air!
The magic dart hits you!
* * * LOW HITPOINT WARNING * * *
Char dumped successfully.
Char dumped successfully.
You hit the orc wizard but do no damage.
The orc wizard is moderately wounded.
The orc wizard casts a spell at you. The magic dart hits you!
You die...

###############
.>.............
$......!...#
.......o{..#
......)o@)%########
..[.5..g..........?
#+#.o.....)########
#?......†# ..
#........##.##
..........<...#
.$..####.......#
.... #...........
###.....o...


You could see an orc wizard, 2 orcs, a hobgoblin and a friendly iron imp.

Vanquished Creatures
  An eye of draining (Abyss:2)
  An ufetubus (Abyss:2)
  A dart slug (D:2)
  2 orcs (D:3)
  3 bats
  2 goblins
  A hobgoblin (D:1)
  A quokka (D:2)
  A frilled lizard (D:2)
  A rat (D:2)
14 creatures vanquished.

Vanquished Creatures (collateral kills)
  3 orcs (D:3)
3 creatures vanquished.

Grand Total: 17 creatures vanquished

Notes
Turn   | Place    | Note
-------+----------+-------------------------------------------
     0 | Abyss:1  | Fireblaze683 the Demonspawn Abyssal Knight began the quest for the Orb.
     0 | Abyss:1  | Reached XP level 1. HP: 18/18 MP: 2/2
    67 | Abyss:2  | Noticed an eye of draining
    73 | Abyss:2  | Reached skill level 1 in Dodging
    97 | Abyss:2  | Noticed a tentacled starspawn
   102 | Abyss:2  | Killed an eye of draining
   102 | Abyss:2  | Reached skill level 4 in Fighting
   102 | Abyss:2  | Gained mutation: When hurt, damage is shared between your health and your magic reserves. [demonic ancestry]
   102 | Abyss:2  | Reached XP level 2. HP: 9/25 MP: 0/4
   102 | Abyss:2  | Gained mutation: A weak demonic guardian rushes to your aid. [demonic ancestry]
   102 | Abyss:2  | Reached XP level 3. HP: 11/30 MP: 0/5
   102 | Abyss:2  | Reached XP level 4. HP: 14/37 MP: 0/6
   107 | D:1      | Escaped the Abyss
   353 | D:2      | Gained mutation: Your mind is acute. (Int +2) [potion of mutation]
   353 | D:2      | Gained mutation: Your muscles are strong. (Str +2) [potion of mutation]
   353 | D:2      | Gained mutation: You are somewhat resistant to further mutation. [potion of mutation]
   353 | D:2      | Gained mutation: You have supernaturally acute eyesight. (SInv) [potion of mutation]
   362 | D:2      | Lost mutation: Your muscles are strong. (Str +2) [potion of mutation]
   362 | D:2      | Lost mutation: You have supernaturally acute eyesight. (SInv) [potion of mutation]
   465 | D:3      | Killed from afar by an orc wizard

Skill      XL: |  1 |
---------------+----+-----
Dodging        | 1 |  1.1
Fighting       | 4 |  4.2
Polearms       | 3 |  3.2
Armour         | |  1.7
Invocations    | |  2.9

Action                   |  1- 3 |  4- 6 || total
-------------------------+-------+-------++-------
Melee: Spear             |    31 |    59 ||    90
Invok: Depart the Abyss  |       |     1 ||     1
  Use: Potion            |       |     2 ||     2
Armor: Leather armour    |     3 |     1 ||     4
       Chain mail        |       |    53 ||    53
Dodge: Dodged            |     6 |    22 ||    28
